[Event "FICS rated blitz game"]
[Site "FICS freechess.org"]
[FICSGamesDBGameNo "20000022"]
[White "GonnaWin"]
[Black "SamiStar"]
[WhiteElo "2027"]
[BlackElo "2005"]
[WhiteRD "na"]
[BlackRD "na"]
[TimeControl "120+8"]
[Date "1998.07.15"]
[Time "10:53:00"]
[WhiteClock "0:02:00.000"]
[BlackClock "0:02:00.000"]
[ECO "A45"]
[PlyCount "78"]
[Result "0-1"]

1. d4 Nf6 2. Bg5 g6 3. Bxf6 exf6 4. g3 d5 5. Bg2 c6 6. e3 Qb6 7. b3 a5 8. Ne2 Bf5 9. O-O Bd6 10. c4 Qd8 11. cxd5 cxd5 12. Bxd5 Qe7 13. Nbc3 O-O 14. Bg2 Re8 15. e4 Bg4 16. f3 Bd7 17. Nd5 Qd8 18. f4 Nc6 19. e5 Be7 20. Nec3 fxe5 21. fxe5 Be6 22. Rc1 Bg5 23. Rc2 Be7 24. Nxe7+ Qxe7 25. d5 Qc5+ 26. Kh1 Nb4 27. dxe6 Rxe6 28. Rc1 Qxe5 29. Bxb7 Rf8 30. Bg2 Rd6 31. Qe2 Qd4 32. Rfd1 Nd3 33. Rf1 Nxc1 34. Rxc1 Re6 35. Qc4 Qd2 36. Ne4 Qe3 37. Rf1 Kg7 38. Qc3+ Qxc3 39. Nxc3 Rc8 {White forfeits on time} 0-1

[Event "FICS rated lightning game"]
[Site "FICS freechess.org"]
[FICSGamesDBGameNo "20000021"]
[White "utahchess"]
[Black "Monteiro"]
[WhiteElo "1253"]
[BlackElo "1511"]
[WhiteRD "na"]
[BlackRD "na"]
[TimeControl "120+0"]
[Date "1998.07.08"]
[Time "17:37:00"]
[WhiteClock "0:02:00.000"]
[BlackClock "0:02:00.000"]
[ECO "C01"]
[PlyCount "44"]
[Result "0-1"]

1. e4 e6 2. Nf3 d5 3. exd5 exd5 4. d4 Bd6 5. Ng5 Nf6 6. Be2 O-O 7. Nc3 c6 8. O-O h6 9. Nf3 Bg4 10. Nd2 Bxe2 11. Qxe2 Re8 12. Qf3 Nbd7 13. Nb3 Nf8 14. Bf4 Ng6 15. Bxd6 Qxd6 16. Nc5 Re7 17. Rfe1 Rae8 18. Rxe7 Rxe7 19. N3a4 b6 20. Nd3 Ne4 21. Re1 Nh4 22. Qg4 Qf6 {White forfeits on time} 0-1

[Event "FICS rated blitz game"]
[Site "FICS freechess.org"]
[FICSGamesDBGameNo "20000020"]
[White "Witt"]
[Black "MrWhisper"]
[WhiteElo "1091"]
[BlackElo "1015"]
[WhiteRD "na"]
[BlackRD "na"]
[TimeControl "300+12"]
[Date "1998.06.26"]
[Time "20:03:00"]
[WhiteClock "0:05:00.000"]
[BlackClock "0:05:00.000"]
[ECO "C50"]
[PlyCount "51"]
[Result "1-0"]

1. e4 e5 2. Nf3 Nc6 3. Bc4 h6 4. c3 Nf6 5. d4 exd4 6. cxd4 d6 7. e5 dxe5 8. dxe5 Bg4 9. exf6 gxf6 10. Qxd8+ Rxd8 11. O-O Bb4 12. Nbd2 Rg8 13. h3 Bh5 14. g4 Bg6 15. a3 Bd6 16. Re1+ Kd7 17. Ne4 Be7 18. Bxh6 f5 19. Rad1+ Kc8 20. Rxd8+ Rxd8 21. Neg5 fxg4 22. hxg4 f6 23. Ne6 Rd4 24. Nexd4 Nxd4 25. Nxd4 Bc5 26. Ne6 {Black forfeits on time} 1-0

[Event "FICS rated blitz game"]
[Site "FICS freechess.org"]
[FICSGamesDBGameNo "20000019"]
[White "Yquem"]
[Black "boardcraft"]
[WhiteElo "1968"]
[BlackElo "1442"]
[WhiteRD "na"]
[BlackRD "na"]
[TimeControl "120+6"]
[Date "1998.06.23"]
[Time "00:04:00"]
[WhiteClock "0:02:00.000"]
[BlackClock "0:02:00.000"]
[ECO "D30"]
[PlyCount "101"]
[Result "1-0"]

1. d4 d5 2. c4 c6 3. Nf3 Nf6 4. e3 e6 5. Qb3 Qc7 6. Bd2 Bd6 7. Bb4 Bxb4+ 8. Qxb4 Nbd7 9. Nc3 dxc4 10. Bxc4 Nd5 11. Nxd5 cxd5 12. Bd3 Qb6 13. Qa3 Nf6 14. O-O Bd7 15. Ne5 Bb5 16. Rac1 Bxd3 17. Nxd3 Qd8 18. Rc3 Qe7 19. Qxe7+ Kxe7 20. Rb3 b6 21. Ne5 Rhc8 22. a4 Ne4 23. Ra1 Rc2 24. f3 Nd6 25. a5 b5 26. Nd3 a6 27. Nc5 Nc4 28. Ra2 Kd6 29. e4 e5 30. Rc3 Rd2 31. Nb3 exd4 32. Nxd2 dxc3 33. bxc3 Nxd2 34. Rxd2 Kc5 35. Rxd5+ Kc4 36. Rd7 Kxc3 37. Rxf7 Kb4 38. Rxg7 Kxa5 39. e5 b4 40. Rb7 Ka4 41. f4 Ka3 42. e6 b3 43. f5 b2 44. f6 Ka2 45. e7 b1=Q+ 46. Rxb1 Kxb1 47. f7 Rc8 48. e8=Q Rc1+ 49. Kf2 Rc2+ 50. Kg3 a5 51. f8=Q {Black resigns} 1-0

[Event "FICS rated blitz game"]
[Site "FICS freechess.org"]
[FICSGamesDBGameNo "20000018"]
[White "Winterteam"]
[Black "madibi"]
[WhiteElo "1943"]
[BlackElo "1996"]
[WhiteRD "na"]
[BlackRD "na"]
[TimeControl "180+0"]
[Date "1998.06.22"]
[Time "15:52:00"]
[WhiteClock "0:03:00.000"]
[BlackClock "0:03:00.000"]
[ECO "B78"]
[PlyCount "47"]
[Result "1-0"]

1. e4 c5 2. Nc3 Nc6 3. Nge2 g6 4. d4 cxd4 5. Nxd4 Bg7 6. Be3 d6 7. Qd2 Nf6 8. f3 O-O 9. Bc4 Bd7 10. O-O-O Rc8 11. Bb3 Ne5 12. Rdg1 Nc4 13. Bxc4 Rxc4 14. h4 Qa5 15. g4 Rfc8 16. Nb3 Qa6 17. Kb1 Rxc3 18. bxc3 Nxe4 19. fxe4 Bxc3 20. Qc1 Be6 21. Bd4 Bxb3 22. cxb3 Bxd4 23. Qxc8+ Kg7 24. Qc4 {Black resigns} 1-0

[Event "FICS rated blitz game"]
[Site "FICS freechess.org"]
[FICSGamesDBGameNo "20000017"]
[White "MilkRam"]
[Black "fifi"]
[WhiteElo "1615"]
[BlackElo "1669"]
[WhiteRD "na"]
[BlackRD "na"]
[TimeControl "180+0"]
[Date "1998.06.11"]
[Time "04:01:00"]
[WhiteClock "0:03:00.000"]
[BlackClock "0:03:00.000"]
[ECO "A00"]
[PlyCount "63"]
[Result "1-0"]

1. g4 e5 2. Bg2 d5 3. h3 Nc6 4. c4 Nge7 5. cxd5 Nxd5 6. Nc3 Nxc3 7. bxc3 Bd7 8. d3 Bc5 9. Nf3 O-O 10. O-O Qf6 11. Bb2 Qh6 12. d4 exd4 13. cxd4 Bd6 14. Rc1 f5 15. Ne5 fxg4 16. Nxd7 gxh3 17. Bd5+ Kh8 18. Nxf8 Qg5+ 19. Kh1 Qxd5+ 20. f3 Qf5 21. e4 Qxf8 22. e5 Be7 23. f4 Rd8 24. Qg4 Qf7 25. e6 Qf6 26. f5 Rf8 27. Rb1 Na5 28. Rg1 Rg8 29. d5 Qf8 30. Rg3 Nc4 31. Ba1 Nd2 32. Rbg1 {Black forfeits on time} 1-0

[Event "FICS rated standard game"]
[Site "FICS freechess.org"]
[FICSGamesDBGameNo "20000016"]
[White "Manassas"]
[Black "CapnKid"]
[WhiteElo "1430"]
[BlackElo "1400"]
[WhiteRD "na"]
[BlackRD "na"]
[TimeControl "1200+12"]
[Date "1998.06.04"]
[Time "16:32:00"]
[WhiteClock "0:20:00.000"]
[BlackClock "0:20:00.000"]
[ECO "C42"]
[PlyCount "88"]
[Result "0-1"]

1. e4 e5 2. Bc4 Nf6 3. Nf3 Bc5 4. Nxe5 Nxe4 5. O-O O-O 6. Qf3 Nf6 7. d3 d6 8. Nxf7 Rxf7 9. Bg5 Nbd7 10. Bxf7+ Kxf7 11. Nc3 h6 12. Be3 Kg8 13. Nd5 Kh8 14. Bxc5 dxc5 15. Rfe1 Nxd5 16. Qxd5 c6 17. Qd6 Qg5 18. Re8+ Kh7 19. Qe6 Nf6 20. Rxc8 Rxc8 21. Qxc8 Qd2 22. Qxb7 Qxc2 23. Qxc6 Qxb2 24. Rf1 Qxa2 25. Qxc5 a5 26. Qe5 Qd2 27. Qe3 Qc2 28. Ra1 Nd7 29. Qe4+ Kg8 30. Qe8+ Nf8 31. Qa8 Qxd3 32. Qxa5 Qd4 33. h3 Nd7 34. g3 Nc5 35. Re1 Nd3 36. Re8+ Kf7 37. Rd8 Qxf2+ 38. Kh1 Qf3+ 39. Kh2 Qf2+ 40. Kh1 Qf3+ 41. Kh2 Qf2+ 42. Kh1 Qf3+ 43. Kg1 Qxg3+ 44. Kf1 Qf2# {White checkmated} 0-1

[Event "FICS rated blitz game"]
[Site "FICS freechess.org"]
[FICSGamesDBGameNo "20000015"]
[White "Domitian"]
[Black "Gooch"]
[WhiteElo "999"]
[BlackElo "1041"]
[WhiteRD "na"]
[BlackRD "na"]
[TimeControl "120+12"]
[Date "1998.05.31"]
[Time "08:52:00"]
[WhiteClock "0:02:00.000"]
[BlackClock "0:02:00.000"]
[ECO "D02"]
[PlyCount "44"]
[Result "0-1"]

1. d4 d5 2. Nf3 f6 3. Nc3 g6 4. Bf4 Bg4 5. Nb5 Na6 6. h3 Bf5 7. g4 Be4 8. Bg2 c6 9. Nc3 Qb6 10. b3 Nb4 11. O-O e6 12. Nd2 Nxc2 13. Bxe4 Nxa1 14. Bd3 Qxd4 15. Ndb1 Qxf4 16. e3 Qe5 17. f4 Qxe3+ 18. Rf2 Bb4 19. Kg2 Qc5 20. Qe1 Bxc3 21. Nxc3 d4 22. Na4 Nc2 {White forfeits on time} 0-1

[Event "FICS rated blitz game"]
[Site "FICS freechess.org"]
[FICSGamesDBGameNo "20000014"]
[White "MilkRam"]
[Black "swallow"]
[WhiteElo "1532"]
[BlackElo "1584"]
[WhiteRD "na"]
[BlackRD "na"]
[TimeControl "300+0"]
[Date "1998.05.15"]
[Time "18:18:00"]
[WhiteClock "0:05:00.000"]
[BlackClock "0:05:00.000"]
[ECO "C55"]
[PlyCount "100"]
[Result "0-1"]

1. e4 e5 2. Nf3 Nc6 3. Bc4 Nf6 4. d4 exd4 5. Nxd4 Bc5 6. Nxc6 bxc6 7. Nc3 O-O 8. O-O Re8 9. Re1 d5 10. exd5 Rxe1+ 11. Qxe1 cxd5 12. Qd1 Be6 13. Bf1 c6 14. Bg5 Bd6 15. Qf3 Be5 16. Re1 Bxh2+ 17. Kh1 Bd6 18. Bxf6 Qxf6 19. Qxf6 gxf6 20. Re3 Kg7 21. Rd3 Rb8 22. b3 Be5 23. Re3 c5 24. Re1 Bxc3 25. Rd1 Rg8 26. Rd3 d4 27. Rf3 Bd5 28. Rg3+ Kf8 29. Rxg8+ Kxg8 30. Bb5 Kg7 31. Bd7 Kg6 32. Kh2 c4 33. g3 cxb3 34. cxb3 Be1 35. f4 Be6 36. Bb5 Bf5 37. Be2 d3 38. Bd1 d2 39. Kg2 Be4+ 40. Kh3 Kf5 41. Kh4 Ke6 42. Kh5 Kd5 43. Kh6 Kd4 44. g4 Ke3 45. f5 Bf3 46. Bxf3 Kxf3 47. Kxh7 d1=Q 48. Kg7 Kxg4 49. Kxf7 Kxf5 50. Kg7 Qg4+ {White resigns} 0-1

[Event "FICS rated standard game"]
[Site "FICS freechess.org"]
[FICSGamesDBGameNo "20000013"]
[White "Eccentricity"]
[Black "Bage"]
[WhiteElo "2024"]
[BlackElo "2199"]
[WhiteRD "na"]
[BlackRD "na"]
[TimeControl "900+0"]
[Date "1998.04.27"]
[Time "19:02:00"]
[WhiteClock "0:15:00.000"]
[BlackClock "0:15:00.000"]
[ECO "B23"]
[PlyCount "41"]
[Result "0-1"]

1. e4 c5 2. Nc3 d6 3. g3 Nc6 4. Nge2 Bg4 5. Bg2 Nd4 6. O-O Nxe2+ 7. Nxe2 e5 8. f3 Bd7 9. b3 h5 10. Bb2 h4 11. g4 h3 12. Bh1 Nh6 13. Ng3 Be7 14. d3 O-O 15. Rf2 Bg5 16. Rf1 Be3+ 17. Rf2 Bxf2+ 18. Kxf2 Qh4 19. Bc1 f6 20. Bxh6 Qxh6 21. Qg1 {White resigns} 0-1

[Event "FICS rated blitz game"]
[Site "FICS freechess.org"]
[FICSGamesDBGameNo "20000012"]
[White "misfit"]
[Black "MThiele"]
[WhiteElo "1936"]
[BlackElo "2154"]
[WhiteRD "na"]
[BlackRD "na"]
[TimeControl "180+0"]
[Date "1998.04.24"]
[Time "13:06:00"]
[WhiteClock "0:03:00.000"]
[BlackClock "0:03:00.000"]
[ECO "C42"]
[PlyCount "56"]
[Result "0-1"]

1. e4 e5 2. Nf3 Nf6 3. Nxe5 d6 4. Nf3 Nxe4 5. d4 d5 6. Bd3 Be7 7. O-O Nc6 8. Re1 Bf5 9. c4 Nb4 10. cxd5 Nxd3 11. Qxd3 Qxd5 12. Nc3 Nxc3 13. Qxc3 Be6 14. Qxc7 Bd6 15. Qc3 Rc8 16. Qe3 O-O 17. Bd2 Rfe8 18. Bc3 b5 19. a3 h6 20. Ne5 Bxe5 21. Qxe5 Qxe5 22. Rxe5 f6 23. Rxb5 Bc4 24. Rb7 a6 25. Re1 Rxe1+ 26. Bxe1 Bd5 27. Bc3 Bxb7 28. Kf1 Bd5 {White resigns} 0-1

[Event "FICS rated blitz game"]
[Site "FICS freechess.org"]
[FICSGamesDBGameNo "20000011"]
[White "pillowcase"]
[Black "malke"]
[WhiteElo "1405"]
[BlackElo "1413"]
[WhiteRD "na"]
[BlackRD "na"]
[TimeControl "120+7"]
[Date "1998.04.11"]
[Time "18:00:00"]
[WhiteClock "0:02:00.000"]
[BlackClock "0:02:00.000"]
[ECO "E81"]
[PlyCount "42"]
[Result "0-1"]

1. d4 Nf6 2. c4 g6 3. Nc3 Bg7 4. e4 d6 5. f3 O-O 6. Be3 Nbd7 7. Bd3 c5 8. d5 e6 9. Qd2 Bh8 10. Nge2 Re8 11. h4 exd5 12. exd5 Qe7 13. Kf2 Nh5 14. g4 Bxc3 15. bxc3 Ng7 16. h5 Ne5 17. hxg6 fxg6 18. Nf4 Nxd3+ 19. Qxd3 Rf8 20. Rae1 Bd7 21. Bxc5 Qf6 {White forfeits on time} 0-1

[Event "FICS rated blitz game"]
[Site "FICS freechess.org"]
[FICSGamesDBGameNo "20000010"]
[White "gavroche"]
[Black "trei"]
[WhiteElo "1010"]
[BlackElo "1100"]
[WhiteRD "na"]
[BlackRD "na"]
[TimeControl "120+2"]
[Date "1998.04.01"]
[Time "14:14:00"]
[WhiteClock "0:02:00.000"]
[BlackClock "0:02:00.000"]
[ECO "C40"]
[PlyCount "37"]
[Result "1-0"]

1. e4 e5 2. Nf3 Qf6 3. Nc3 Bc5 4. d3 d6 5. Bg5 Qe6 6. Qe2 h6 7. O-O-O hxg5 8. Nxg5 Qg6 9. Nf3 Be6 10. Nd5 Bxd5 11. exd5 Qg4 12. Nxe5 dxe5 13. Qxg4 Bxf2 14. c3 Rh4 15. Qf3 Bc5 16. Qg3 Rh6 17. Qxe5+ Ne7 18. Qxg7 Rg6 19. Qh8+ {Black forfeits on time} 1-0

[Event "FICS rated blitz game"]
[Site "FICS freechess.org"]
[FICSGamesDBGameNo "20000009"]
[White "msapin"]
[Black "TheMadKing"]
[WhiteElo "1330"]
[BlackElo "1375"]
[WhiteRD "na"]
[BlackRD "na"]
[TimeControl "240+0"]
[Date "1998.03.18"]
[Time "06:53:00"]
[WhiteClock "0:04:00.000"]
[BlackClock "0:04:00.000"]
[ECO "A40"]
[PlyCount "55"]
[Result "1-0"]

1. d4 c6 2. e3 d6 3. Nf3 Nd7 4. Bd3 e5 5. dxe5 dxe5 6. O-O Ngf6 7. Nc3 b5 8. e4 b4 9. Ne2 c5 10. Ng3 Bb7 11. Re1 Be7 12. c3 Qa5 13. cxb4 Qxb4 14. b3 O-O 15. Bb2 Rfd8 16. Nxe5 Nxe5 17. Bxe5 Rd7 18. Qe2 Rad8 19. Bc4 Rd2 20. Qf3 Rxa2 21. Nf5 g6 22. Rxa2 Qxe1+ 23. Bf1 Bxe4 24. Qe2 Rd1 25. Qxe1 Rxe1 26. Re2 Rxe2 27. Nxe7+ Kg7 28. Bxe2 {Black forfeits on time} 1-0

[Event "FICS rated blitz game"]
[Site "FICS freechess.org"]
[FICSGamesDBGameNo "20000008"]
[White "Aguas"]
[Black "Bolleveld"]
[WhiteElo "1949"]
[BlackElo "2050"]
[WhiteRD "na"]
[BlackRD "na"]
[TimeControl "300+0"]
[Date "1998.03.11"]
[Time "11:45:00"]
[WhiteClock "0:05:00.000"]
[BlackClock "0:05:00.000"]
[ECO "C90"]
[PlyCount "82"]
[Result "0-1"]

1. e4 e5 2. Nf3 Nc6 3. Bb5 a6 4. Ba4 Nf6 5. d3 b5 6. Bb3 Be7 7. Nbd2 O-O 8. O-O d6 9. c3 Na5 10. Bc2 c5 11. Re1 Re8 12. Nf1 Nc6 13. h3 Bf8 14. a4 Bb7 15. Ng3 h6 16. d4 cxd4 17. cxd4 Qc7 18. Bb1 Rac8 19. axb5 axb5 20. Re2 Nb4 21. Bd2 Nc2 22. Ba5 Nxa1 23. Bxc7 Rxc7 24. dxe5 dxe5 25. Ba2 Rec8 26. Nf1 Rc1 27. Qd3 Ra8 28. Bd5 Bxd5 29. exd5 e4 30. Rxe4 Nxe4 31. Qxe4 Nc2 32. Qf4 Raa1 33. Nd2 Rd1 34. g3 Nb4 35. Kg2 Nxd5 36. Qf3 Nf6 37. Qb7 b4 38. Qb8 Nd7 39. Qb7 Ne5 40. f4 Nd3 41. Kf3 Nxb2 {White resigns} 0-1

[Event "FICS rated blitz game"]
[Site "FICS freechess.org"]
[FICSGamesDBGameNo "20000007"]
[White "SpaceCowboy"]
[Black "Antero"]
[WhiteElo "1674"]
[BlackElo "1173"]
[WhiteRD "na"]
[BlackRD "na"]
[TimeControl "240+12"]
[Date "1998.03.08"]
[Time "02:28:00"]
[WhiteClock "0:04:00.000"]
[BlackClock "0:04:00.000"]
[ECO "D20"]
[PlyCount "63"]
[Result "1-0"]

1. d4 d5 2. c4 dxc4 3. Nc3 e6 4. e4 Bb4 5. Bxc4 Bxc3+ 6. bxc3 Ne7 7. Nf3 O-O 8. O-O Nd7 9. e5 Nb6 10. Bb3 a5 11. Bg5 f6 12. exf6 gxf6 13. Bh6 Rf7 14. Nh4 Qd6 15. Qg4+ Ng6 16. Nxg6 e5 17. Bxf7+ Kxf7 18. Nxe5+ fxe5 19. Qg7+ Ke6 20. Qg8+ Kd7 21. Qxh7+ Kc6 22. Qe4+ Nd5 23. c4 Be6 24. cxd5+ Bxd5 25. Rfc1+ Kb6 26. Rab1+ Ka7 27. Qxe5 Qxe5 28. dxe5 Rg8 29. Be3+ b6 30. g3 Be4 31. Rxc7+ Ka6 32. Rxb6# {Black checkmated} 1-0

[Event "FICS rated lightning game"]
[Site "FICS freechess.org"]
[FICSGamesDBGameNo "20000006"]
[White "Wortley"]
[Black "kingcrimson"]
[WhiteElo "1306"]
[BlackElo "1590"]
[WhiteRD "na"]
[BlackRD "na"]
[TimeControl "120+0"]
[Date "1998.01.14"]
[Time "07:09:00"]
[WhiteClock "0:02:00.000"]
[BlackClock "0:02:00.000"]
[ECO "B20"]
[PlyCount "65"]
[Result "1-0"]

1. e4 c5 2. c4 Nc6 3. Nf3 g6 4. Nc3 Bg7 5. Bd3 d6 6. Qe2 Nf6 7. e5 Ng4 8. h3 Ngxe5 9. Nxe5 Nxe5 10. Nd5 O-O 11. O-O e6 12. Nc3 Nxd3 13. Qxd3 b6 14. Qe4 Bd7 15. d3 Qc7 16. Bf4 Bc6 17. Qe3 Rad8 18. Rab1 Rfe8 19. Bh6 Bd4 20. Qg5 d5 21. cxd5 exd5 22. Rbe1 Qd6 23. Rxe8+ Rxe8 24. Qg4 b5 25. Ne2 Bxb2 26. Rb1 Bf6 27. d4 c4 28. Nf4 Bg7 29. Bxg7 Kxg7 30. Nh5+ Kg8 31. Qg5 Re6 32. Rd1 Kf8 33. Qh6+ {Black forfeits on time} 1-0

[Event "FICS rated blitz game"]
[Site "FICS freechess.org"]
[FICSGamesDBGameNo "20000005"]
[White "Broegger"]
[Black "Vorlon"]
[WhiteElo "1575"]
[BlackElo "1544"]
[WhiteRD "na"]
[BlackRD "na"]
[TimeControl "300+0"]
[Date "1998.01.07"]
[Time "15:23:00"]
[WhiteClock "0:05:00.000"]
[BlackClock "0:05:00.000"]
[ECO "A80"]
[PlyCount "152"]
[Result "0-1"]

1. d4 f5 2. Bf4 Nf6 3. h3 e6 4. Nd2 d6 5. Ngf3 Bd7 6. e3 Bc6 7. Be2 Nbd7 8. O-O Be7 9. c3 h6 10. b4 g5 11. Bh2 g4 12. hxg4 fxg4 13. Ne1 b6 14. b5 Bb7 15. Bxg4 h5 16. Bh3 Ng4 17. c4 Ndf6 18. Nef3 Qd7 19. a4 Nxh2 20. Nxh2 O-O-O 21. Ndf3 Rdg8 22. a5 Kb8 23. axb6 axb6 24. c5 dxc5 25. dxc5 Bxc5 26. Qxd7 Nxd7 27. Nd4 Bxd4 28. exd4 Re8 29. Rfe1 Bd5 30. Ra6 Bb7 31. Ra4 Nf8 32. Rea1 Rg8 33. Ra7 Nh7 34. Rxb7+ Kxb7 35. Re1 Ng5 36. Kh1 Nxh3 37. gxh3 Rgf8 38. Re2 Rf4 39. Nf1 Rxd4 40. Ne3 Rb4 41. Nc2 Rxb5 42. Nd4 Rb1+ 43. Kh2 e5 44. Nf5 Rb4 45. Ng7 Re7 46. Nxh5 c5 47. Ng3 Rd4 48. Nf5 Red7 49. Nxd4 exd4 50. Kg3 d3 51. Rd2 c4 52. Kf3 c3 53. Ra2 c2 54. Ra1 d2 55. h4 c1=Q 56. Rxc1 dxc1=Q 57. h5 Qh6 58. Ke2 Qxh5+ 59. Ke3 Qh2 60. Kf3 Qxf2+ 61. Kxf2 Rd3 62. Ke2 Ra3 63. Kd2 Kc6 64. Kc2 Kc5 65. Kb2 Rh3 66. Kc2 Kd4 67. Kd2 b5 68. Kc2 b4 69. Kb2 Kc4 70. Kc2 Rh2+ 71. Kd1 Kd3 72. Ke1 Ra2 73. Kf1 Ke3 74. Kg1 Kf3 75. Kh1 Kg3 76. Kg1 Ra1# {White checkmated} 0-1

[Event "FICS rated blitz game"]
[Site "FICS freechess.org"]
[FICSGamesDBGameNo "20000004"]
[White "Patan"]
[Black "RonStewart"]
[WhiteElo "1831"]
[BlackElo "1744"]
[WhiteRD "na"]
[BlackRD "na"]
[TimeControl "180+0"]
[Date "1998.01.02"]
[Time "15:12:00"]
[WhiteClock "0:03:00.000"]
[BlackClock "0:03:00.000"]
[ECO "B18"]
[PlyCount "56"]
[Result "0-1"]

1. e4 c6 2. d4 d5 3. Nc3 dxe4 4. Nxe4 Bf5 5. Ng3 Bg6 6. f4 e6 7. Nf3 Nf6 8. Bd3 c5 9. c3 cxd4 10. cxd4 Nc6 11. Be3 Bb4+ 12. Kf2 O-O 13. f5 exf5 14. Bxf5 Bxf5 15. Nxf5 Ng4+ 16. Ke2 Nxe3 17. Nxe3 Re8 18. Kf2 Qf6 19. a3 Ba5 20. b4 Bb6 21. Nc2 Rad8 22. Re1 Rxe1 23. Qxe1 Nxd4 24. Kf1 Nxc2 25. Qc1 Nd4 26. Rb1 Nxf3 27. gxf3 Qxf3+ 28. Ke1 Qf2# {White checkmated} 0-1

[Event "FICS rated blitz game"]
[Site "FICS freechess.org"]
[FICSGamesDBGameNo "20000003"]
[White "ischiapp"]
[Black "Gurra"]
[WhiteElo "1585"]
[BlackElo "1703"]
[WhiteRD "na"]
[BlackRD "na"]
[TimeControl "300+0"]
[Date "1997.12.20"]
[Time "08:33:00"]
[WhiteClock "0:05:00.000"]
[BlackClock "0:05:00.000"]
[ECO "B70"]
[PlyCount "68"]
[Result "0-1"]

1. e4 c5 2. Nf3 d6 3. d4 cxd4 4. Nxd4 Nf6 5. Nc3 g6 6. h3 Bg7 7. Be3 Nc6 8. Bd3 Bd7 9. f4 a6 10. O-O Nh5 11. Nb3 e5 12. Nd5 O-O 13. Qf3 Be6 14. c4 Bxd5 15. cxd5 Nb4 16. Be2 Qh4 17. a3 Nc2 18. Rac1 Nxe3 19. Qxe3 Nxf4 20. Bg4 Nh5 21. Rc7 Nf6 22. Be2 b5 23. Nd2 Bh6 24. Qd3 Bxd2 25. Qxd2 Qxe4 26. Rfc1 Qxd5 27. Bf3 Qxd2 28. R7c2 Qe3+ 29. Kh1 Rad8 30. Rc3 Qd4 31. Rc7 e4 32. Rd1 Qxb2 33. Bxe4 Nxe4 34. Rcc1 Nf2+ {White resigns} 0-1

[Event "FICS rated lightning game"]
[Site "FICS freechess.org"]
[FICSGamesDBGameNo "20000002"]
[White "Gummiblitz"]
[Black "terra"]
[WhiteElo "2387"]
[BlackElo "2117"]
[WhiteRD "na"]
[BlackRD "na"]
[TimeControl "60+0"]
[Date "1997.11.22"]
[Time "07:25:00"]
[WhiteClock "0:01:00.000"]
[BlackClock "0:01:00.000"]
[ECO "D02"]
[PlyCount "120"]
[Result "1-0"]

1. d4 d5 2. Nf3 c6 3. Bf4 Nf6 4. c3 Bf5 5. e3 e6 6. Nbd2 Bd6 7. Qb3 Bxf4 8. Qxb7 Bxe3 9. fxe3 Nbd7 10. Qxc6 O-O 11. Be2 Rc8 12. Qa4 Ne4 13. Nxe4 dxe4 14. O-O Nb6 15. Qd1 exf3 16. Bxf3 Qe7 17. e4 Bg6 18. e5 Rfd8 19. Qe2 Nd5 20. Rac1 Qc7 21. Kh1 Qa5 22. a3 Qb6 23. h4 h6 24. h5 Bh7 25. Be4 Bxe4 26. Qxe4 Rf8 27. Rf2 Ne7 28. Rcf1 Qc6 29. Qe2 Nf5 30. Kh2 Qd5 31. g4 Ne7 32. Qe3 Nc6 33. Rf3 a5 34. Qf2 Rc7 35. Qg3 a4 36. R1f2 Nxd4 37. cxd4 Qxd4 38. g5 hxg5 39. Qxg5 Rc4 40. h6 Qh4+ 41. Qxh4 Rxh4+ 42. Kg3 Rxh6 43. Rf4 Rg6+ 44. Kf3 Rb8 45. Rxa4 Rb3+ 46. Ke4 Rg5 47. Ra8+ Kh7 48. Rxf7 Kg6 49. Rf4 Rgg3 50. Ra4 Rge3+ 51. Kd4 Red3+ 52. Kc5 Rd5+ 53. Kc6 Rxb2 54. Rac4 Rb8 55. Rg4+ Kf5 56. Rcf4+ Kxe5 57. Re4+ Kf6 58. Rgf4+ Ke7 59. Rxe6+ Kxe6 60. Re4+ Re5 {Black forfeits on time} 1-0

[Event "FICS rated blitz game"]
[Site "FICS freechess.org"]
[FICSGamesDBGameNo "20000001"]
[White "Eremos"]
[Black "FaDoc"]
[WhiteElo "1463"]
[BlackElo "1394"]
[WhiteRD "na"]
[BlackRD "na"]
[TimeControl "120+12"]
[Date "1997.11.07"]
[Time "08:57:00"]
[WhiteClock "0:02:00.000"]
[BlackClock "0:02:00.000"]
[ECO "C14"]
[PlyCount "75"]
[Result "1-0"]

1. e4 e6 2. d4 d5 3. Nc3 Nf6 4. Bg5 Be7 5. e5 Nfd7 6. Bxe7 Qxe7 7. Qg4 O-O 8. f4 f6 9. Nb5 Na6 10. Nc3 Nb4 11. O-O-O fxe5 12. fxe5 c5 13. a3 cxd4 14. Qxd4 Nc6 15. Qg4 Ndxe5 16. Qh5 Ng6 17. Nf3 a6 18. Bd3 Qf6 19. Rhf1 Qf4+ 20. Kb1 Rf6 21. Ng5 Qh4 22. Qxh4 Nxh4 23. Nxh7 Rxf1 24. Rxf1 Bd7 25. g3 Nf5 26. Bxf5 exf5 27. Ng5 g6 28. Nxd5 Re8 29. Nf6+ Kf8 30. Nxe8 Kxe8 31. Rd1 Ke7 32. Nf3 Bc8 33. Kc1 Kf6 34. Rd6+ Kf7 35. Kd2 Be6 36. Ne5+ Kf6 37. Nxc6 bxc6 38. Rxc6 {Black resigns} 1-0

[Event "FICS rated blitz game"]
[Site "FICS freechess.org"]
[FICSGamesDBGameNo "20000000"]
[White "SikhanderSK"]
[Black "TomKo"]
[WhiteElo "2048"]
[BlackElo "1845"]
[WhiteRD "na"]
[BlackRD "na"]
[TimeControl "180+0"]
[Date "1997.11.07"]
[Time "08:12:00"]
[WhiteClock "0:03:00.000"]
[BlackClock "0:03:00.000"]
[ECO "D24"]
[PlyCount "95"]
[Result "1-0"]

1. d4 d5 2. c4 dxc4 3. Nf3 Nf6 4. Nc3 e6 5. e3 Bb4 6. Bxc4 c5 7. O-O cxd4 8. Nxd4 a6 9. Qa4+ Bd7 10. Qxb4 Nc6 11. Qa3 Nxd4 12. exd4 b5 13. Be2 Qe7 14. Qb3 O-O 15. Bf3 Rab8 16. Re1 Qd6 17. Bg5 h6 18. Bxf6 gxf6 19. Rad1 Qf4 20. d5 Rbd8 21. Ne2 Qg5 22. d6 e5 23. Bd5 Kg7 24. Qg3 Be6 25. Bxe6 fxe6 26. h4 Qxg3 27. Nxg3 Rd7 28. Rd2 Rfd8 29. Red1 f5 30. Ne2 Kf6 31. g3 e4 32. Kg2 Ke5 33. Nf4 Rxd6 34. Rxd6 Rxd6 35. Ng6+ Kf6 36. Rxd6 Kxg6 37. Rxe6+ Kf7 38. Rxa6 h5 39. Rh6 Kg7 40. Rb6 Kf7 41. Rxb5 Ke6 42. Rc5 Kf6 43. b4 Ke6 44. a4 Kd6 45. a5 Ke6 46. a6 Kd6 47. a7 Ke6 48. a8=Q {Black resigns} 1-0